 Dungeon Sprint DCSS version 0.30-a0-996-ga6910c8ee8 (webtiles) character file.

Game seed: 8568196915598956802

9404 BigDaddyOpFi the Grand Scion (level 11, -21/85 HPs)
             Began as a Demonspawn Fighter on Apr 4, 2023.
             Was a High Priest of Hepliaklqana.
             Killed from afar by a purple draconian (42 damage)
             ... with a bolt of dispelling energy
             ... in the Dungeon (Sprint V: "Ziggurat Sprint").
             The game lasted 00:02:30 (935 turns).

BigDaddyOpFi the Grand Scion (Demonspawn Fighter)    Turns: 935, Time: 00:02:30

Health: -21/85     AC: 30    Str: 33    XL:     11   Next: 22%
Magic:  25/25      EV:  4    Int: 10    God:    Hepliaklqana [*****.]
Gold:   0          SH: 34    Dex: 12    Spells: 10/10 levels left

rFire   . . .      SeeInvis +    n - +16 obsidian axe {drain, demonic, Mesm Drain Fly SInv}
rCold   . . .      Faith    .    D - +18 shield of the Gong {Loud rN+ Will+ rCorr EV-5}
rNeg    + . .      Spirit   .    C - +15 Maxwell's patent armour {-Cast -Tele rElec Will+ rCorr}
rPois   .          Reflect  +    (no helmet)
rElec   +          Rampage  .    (no cloak)
rCorr   +          NoTele   +    (no gloves)
Will    ++...      NoCast   +    (no boots) Stlth
                                 c - amulet of reflection
HPRegen 0.34/turn                z - +6 ring of strength
MPRegen 0.19/turn                A - +6 ring of strength

@: flying, mesmerised
A: reduced essence, repulsion field 1, ignite blood 1, demonic magic 3, demonic
touch 1, no potion heal 1
a: Renounce Religion, Recall Ancestor, Ancestor Identity, Transference, Idealise


You were in the Dungeon.
You worshipped Hepliaklqana.
Hepliaklqana was extremely pleased with you.
You visited 1 branch

Inventory:

Hand Weapons
 n - the +16 obsidian axe (weapon) {drain, demonic, Mesm Drain Fly SInv}
   (You found it in the Dungeon)

   Mesm:      Its wielder is mesmerised by any visible foes, and it cannot be
   unequipped while any foes are visible.
   SInv:      It lets you see invisible.
   Fly:       It grants you flight.
   Drain:     It drains your maximum health when unequipped.
 F - the +8 Wrath of Trog {antimagic, *Rage Rampage}
   (You found it in the Dungeon)

   It causes slowness and exhaustion when equipped.
   It extends the wielder's berserk rage when killing foes.
   *Rage:     It berserks you when you make melee attacks (+50% chance).
   Rampage:   It bestows one free step when moving towards enemies.
Armour
 C - the +15 Maxwell's patent armour (worn) {-Cast -Tele rElec Will+ rCorr}
   (You found it in the Dungeon)

   rElec:     It insulates you from electricity.
   -Cast:     It prevents spellcasting.
   -Tele:     It prevents most forms of teleportation.
   rCorr:     It protects you from acid and corrosion.
   Will:      It increases your willpower.
 D - the +18 shield of the Gong (worn) {Loud rN+ Will+ rCorr EV-5}
   (You found it in the Dungeon)

   Loud:      It is deafeningly noisy when blocking attacks.
   EV:        It affects your evasion (-5).
   rN:        It protects you from negative energy.
   rCorr:     It protects you from acid and corrosion.
   Will:      It increases your willpower.
Jewellery
 a - a ring of resist corrosion
 c - an amulet of reflection (around neck)
 u - a ring of flight
 v - a +6 ring of dexterity
 w - a +6 ring of dexterity
 x - a +6 ring of intelligence
 y - a +6 ring of intelligence
 z - a +6 ring of strength (left hand)
 A - a +6 ring of strength (right hand)
 E - a ring of ice
 G - a ring of wizardry
Wands
 s - a wand of mindburst (7)
 t - a wand of quicksilver (7)
Scrolls
 b - a scroll of brand weapon
 j - 4 scrolls of blinking
 o - 4 scrolls of amnesia
 p - 7 scrolls of fog
 q - 5 scrolls of identify
 r - 2 scrolls of fear
Potions
 d - 6 potions of might
 e - 10 potions of curing
 f - 5 potions of heal wounds
 g - 10 potions of haste
 h - 7 potions of magic
 i - 3 potions of berserk rage
 k - 2 potions of brilliance
 l - 2 potions of invisibility
 m - 4 potions of resistance
Miscellaneous
 B - a lightning rod (4/4)


   Skills:
 + Level 12.0 Fighting
 + Level 10.7 Axes
 + Level 11.0 Armour
 + Level 11.1 Shields
 * Level 20.4 Invocations


You had 10 spell levels left.
You didn't know any spells.
Your spell library contained the following spells:

 Spells                   Type           Power      Damage    Failure   Level
 Apportation              Tloc           0%         N/A       99%         1
 Kiss of Death            Conj/Necr      0%         2d5       99%         1
 Necrotise                Necr           0%         1d4       99%         1
 Shock                    Conj/Air       0%         1d3       99%         1
 Summon Small Mammal      Summ           0%         N/A       99%         1
 Cigotuvi's Dreadful Rot  Necr/Pois/Air  0%         N/A       100%        2
 Passwall                 Tmut/Erth      0%         N/A       100%        2
 Poisonous Vapours        Pois/Air       0%         N/A       100%        2
 Static Discharge         Conj/Air       0%         2-2/arc   100%        2
 Sublimation of Blood     Necr           0%         N/A       100%        2
 Confusing Touch          Hex            0%         N/A       100%        3
 Dazzling Flash           Conj/Hex       0%         N/A       100%        3
 Gell's Gravitas          Tloc           0%         N/A       100%        3
 Ignite Poison            Fire/Tmut/Pois 0%         N/A       100%        3
 Teleport Other           Tloc           0%         N/A       100%        3
 Airstrike                Air            0%         2d(0-16)  100%        4
 Anguish                  Hex/Necr       0%         N/A       100%        4
 Dispel Undead            Necr           0%         3d6       100%        4
 Iskenderun's Mystic Bla  Conj/Tloc      0%         2d3       100%        4
 Sticky Flame             Conj/Fire      0%         2d3       100%        4
 Summon Lightning Spire   Summ/Air       0%         N/A       100%        4
 Alistair's Intoxication  Tmut/Pois      0%         N/A       100%        5
 Borgnjor's Vile Clutch   Necr/Erth      0%         N/A       100%        5
 Fireball                 Conj/Fire      0%         3d3       100%        5
 Irradiate                Conj/Tmut      0%         3d11      100%        5
 Iskenderun's Battlesphe  Conj           0%         2d6       100%        5
 Silence                  Hex/Air        0%         N/A       100%        5
 Summon Forest            Summ/Tloc      0%         N/A       100%        5
 Summon Mana Viper        Hex/Summ       0%         N/A       100%        5
 Conjure Ball Lightning   Conj/Air       0%         3x3d6     100%        6
 Death Channel            Necr           0%         N/A       100%        6
 Dispersal                Tloc           0%         N/A       100%        6
 Starburst                Conj/Fire      0%         6d3       100%        6
 Summon Cactus Giant      Summ           0%         N/A       100%        6
 Orb of Destruction       Conj           0%         9d5       100%        7
 Storm Form               Tmut/Air       0%         N/A       100%        7
 Ignition                 Fire           0%         3d3       100%        8
 Dragon's Call            Summ           0%         N/A       100%        9


Dungeon Overview and Level Annotations

Branches:
Dungeon (1/1)

Altars:
Ashenzari
Cheibriados
Dithmenos
Fedhas
Gozag
Hepliaklqana
Kikubaaqudgha
Makhleb
Nemelex Xobeh
Okawaru
Qazlal
Ru
Sif Muna
Trog
Uskayaw
Vehumet
Wu Jian
Xom
Yredelemnul
Jiyva
Lugonu

Annotations:
D 1 transporter


Innate Abilities, Weirdness & Mutations

Your life essence is reduced to manifest your ancestor. (-10% HP)
You are surrounded by a mild repulsion field. (EV +2)
Your demonic aura sometimes causes spilled blood to erupt in flames.
Spells you cast and wands you use may paralyse nearby enemies.
Your touch may inflict minor irresistible damage on your foes.
Potions are less effective at restoring your health.


Message History

Your system partially rejects the healing.
You feel much better.
Visions of slaying the purple draconian flood into your mind.
You block the purple draconian's attack.
PANG!
The green draconian hits you but does no damage.
The black draconian breathes lightning at you.
The bolt of lightning hits Wilburh!!
The bolt of lightning hits you. You resist.
* * * LOW HITPOINT WARNING * * *
You block the purple draconian's attack.
SHROANNG!
The red draconian breathes fire at you.
The searing blast hits your soul eater!!
The searing blast hits you!
* * * LOW HITPOINT WARNING * * *
The white draconian barely misses you.
The yellow draconian is engulfed in blazing flames.
You block the purple draconian's attack.
BONNNG!
Wilburh hits the black draconian with a +0 dagger of draining.
Wilburh drains the black draconian.
Your soul eater misses the red draconian.
Wilburh hits the black draconian with a +0 dagger of draining.
Your system partially rejects the healing.
You feel much better.
Visions of slaying the white draconian flood into your mind.
You block the purple draconian's attack.
SHROANNG!
You block the white draconian's attack.
GONNNNG!
The white draconian hits Wilburh with a +0 hand axe!
Wilburh is destroyed!
You block the green draconian's attack.
GONNNNG!
The purple draconian is engulfed in blazing flames.
The purple draconian breathes dispelling energy at you.
The bolt of dispelling energy hits you!!!
Your magical effects are unravelling.
You die...

▓....©....▓...©...▓
▓▓▓▓▓▓▓▓▓▓▓▓▓▓▓▓▓▓▓▓▓
▓...8©8...▓...8©8...▓
▓..[}}})..▓..}.))...▓
▓..[):)|..▓...).)}..▓
▓.........▓.........▓
▓..ddddd..▓...††....▓
▓...dddd..▓.........▓
▓...d@3...▓...†.....▓
▓..☼......▓.▓.....▓.▓
▓.▓.....▓.▓....©....▓
▓....©....▓▓▓▓▓▓▓▓▓▓▓
▓▓▓▓▓▓▓▓▓▓▓


You could see 2 draconians, a yellow draconian, a green draconian, 3 draconians,
a red draconian (catching breath, ally target), 2 draconians and a friendly soul
eater (summoned).

Vanquished Creatures
  A dancing weapon (D)
  A deep elf knight (D)
  2 deep elf archers (D)
  2 wolf spiders (D)
  A rust devil (D)
  An orange demon (D)
  2 komodo dragons (D)
  2 ice devils (D)
  A jumping spider (D)
  2 yaks (D)
  2 redbacks (D)
  A centaur (D)
  A bullfrog (D)
  A necrophage (D)
  9 scorpions (D)
  An iguana (D)
  A river rat (D)
  An ufetubus (D)
  2 bat skeletons (D)
  A quokka skeleton (D)
35 creatures vanquished.

Vanquished Creatures (collateral kills)
  A pandemonium lord (D)
  2 wolf spiders (D)
  An ice devil (D)
  3 merfolk (D)
  A hellwing (D)
  A redback (D)
  2 ice beasts (D)
  A phantom (D)
  A wolf (D)
  A centaur (D)
  2 scorpions (D)
  An iron imp (D)
  A white imp (D)
  A bat simulacrum (D)
19 creatures vanquished.

Vanquished Creatures (others)
  2 hexers (D)
  An ancestor (D)
3 creatures vanquished.

Grand Total: 57 creatures vanquished

Notes
Turn   | Place    | Note
-------+----------+-------------------------------------------
     0 | D        | BigDaddyOpFi the Demonspawn Fighter began the quest for the
                  | Orb.
     0 | D        | Reached XP level 1. HP: 18/18 MP: 1/1
     2 | D        | Found a shimmering blue altar of Sif Muna.
     2 | D        | Found a bloodstained altar of Trog.
     2 | D        | Found a sacrificial altar of Ru.
     2 | D        | Found a stormy altar of Qazlal.
     2 | D        | Found an iron altar of Okawaru.
     3 | D        | Found a sparkling altar of Nemelex Xobeh.
     3 | D        | Found a blossoming altar of Fedhas.
     3 | D        | Found the +6 Majin-Bo {spellvamp, MP+6 Int+6}
     3 | D        | Found the +27 heavy crossbow "Sniper" {heavy, Acc+∞ SInv}
     3 | D        | Found the +10 dark maul {heavy}
     3 | D        | Found the +15 Maxwell's patent armour {-Cast -Tele rElec
                  | Will+ rCorr}
     3 | D        | Found the +18 shield of the Gong {Loud rN+ Will+ rCorr
                  | EV-5}
     3 | D        | Found the +16 obsidian axe {drain, demonic, Mesm Drain Fly
                  | SInv}
     3 | D        | Found the +7 great mace "Firestarter" {flame, inner flame,
                  | rFlCloud rF++}
     3 | D        | Found the +6 shillelagh "Devastator" {shatter}
     3 | D        | Found the +11 plutonium sword {Contam Stlth-}
     3 | D        | Found the +8 lance "Wyrmbane" {slay drac, rPois rF+ rC+
                  | AC+3}
     3 | D        | Found the +9 sword of Zonguldrok {reap}
     3 | D        | Found the +13 scythe of Curses {drain, curses, Drain}
     3 | D        | Found the +9 sword of Power {lifebolt}
     3 | D        | Found the +7 mace of Variability {chaos, chain chaos}
     3 | D        | Found the +11 Singing Sword {sonic wave}
     3 | D        | Found the +8 storm bow {elec, penet}
     5 | D        | Found a transporter.
     5 | D        | Found an ancient bone altar of Kikubaaqudgha.
     5 | D        | Found a viscous altar of Jiyva.
     5 | D        | Found a corrupted altar of Lugonu.
     5 | D        | Found a hazy altar of Hepliaklqana.
     5 | D        | Found a burning altar of Makhleb.
     5 | D        | Found an opulent altar of Gozag.
    38 | D        | Became a worshipper of Hepliaklqana the Forgotten
    39 | D        | Reached skill level 5 in Invocations
    39 | D        | Gained mutation: Your demonic aura sometimes causes spilled
                  | blood to erupt in flames. [demonic ancestry]
    39 | D        | Reached XP level 2. HP: 25/25 MP: 1/5
   169 | D        | Entered arena 2.
   169 | D        | Noticed a centaur
   169 | D        | Noticed a centaur
   169 | D        | Found a transporter.
   171 | D        | Killed a centaur
   172 | D        | Reached skill level 7 in Invocations
   172 | D        | Gained mutation: You are surrounded by a mild repulsion
                  | field. (EV +2) [demonic ancestry]
   172 | D        | Reached XP level 3. HP: 32/32 MP: 6/8
   172 | D        | Reached XP level 4. HP: 38/38 MP: 6/9
   172 | D        | Killed a centaur
   173 | D        | Reached skill level 5 in Fighting
   173 | D        | Reached skill level 5 in Armour
   173 | D        | Reached skill level 5 in Shields
   173 | D        | Reached skill level 8 in Invocations
   173 | D        | Gained mutation: Spells you cast may paralyse adjacent
                  | enemies. [demonic ancestry]
   173 | D        | Reached XP level 5. HP: 45/45 MP: 6/11
   177 | D        | Entered arena 3.
   177 | D        | Noticed a merfolk
   177 | D        | Noticed a merfolk
   177 | D        | Noticed a merfolk
   177 | D        | Found a transporter.
   177 | D        | Reached * piety under Hepliaklqana
   182 | D        | Killed a merfolk
   183 | D        | Reached skill level 5 in Axes
   183 | D        | Reached skill level 10 in Invocations
   183 | D        | Gained mutation: Spells you cast may paralyse nearby
                  | enemies. [demonic ancestry]
   183 | D        | Reached XP level 6. HP: 27/47 MP: 8/14
   184 | D        | Killed a merfolk
   185 | D        | Reached skill level 12 in Invocations
   185 | D        | Gained mutation: Spells you cast and wands you use may
                  | paralyse nearby enemies. [demonic ancestry]
   185 | D        | Reached XP level 7. HP: 54/54 MP: 8/16
   185 | D        | Killed a merfolk
   332 | D        | Entered arena 4.
   332 | D        | Found the +5 robe of Night {Dark Will+ SInv}
   332 | D        | Noticed a jumping spider
   332 | D        | Found a transporter.
   335 | D        | Killed a jumping spider
   336 | D        | Reached skill level 13 in Invocations
   336 | D        | Reached XP level 8. HP: 61/61 MP: 16/18
   343 | D        | Entered arena 5.
   343 | D        | Noticed a deep elf knight
   343 | D        | Noticed a deep elf archer
   343 | D        | Noticed a deep elf archer
   343 | D        | Noticed a +4 short sword of speed
   343 | D        | Reached ** piety under Hepliaklqana
   343 | D        | Found a transporter.
   345 | D        | Killed a +4 short sword of speed
   346 | D        | Reached skill level 14 in Invocations
   350 | D        | Killed a deep elf archer
   351 | D        | Reached skill level 15 in Invocations
   351 | D        | Reached XP level 9. HP: 49/68 MP: 18/20
   352 | D        | Killed a deep elf knight
   353 | D        | Reached skill level 16 in Invocations
   355 | D        | Killed a deep elf archer
   452 | D        | Remembered your ancestor Wilburh as a hexer
   523 | D        | Entered arena 6.
   523 | D        | Found a transporter.
   535 | D        | Got the Tome of the Mutated Xenolith
   540 | D        | Entered arena 7.
   540 | D        | Noticed a hellwing
   540 | D        | Noticed a rust devil
   540 | D        | Noticed Peattisy the pandemonium lord
   540 | D        | Noticed an orange demon
   540 | D        | Reached *** piety under Hepliaklqana
   541 | D        | Found a transporter.
   544 | D        | Killed an orange demon
   544 | D        | Killed a hellwing
   545 | D        | Reached skill level 10 in Fighting
   545 | D        | Reached skill level 17 in Invocations
   547 | D        | Killed a rust devil
   548 | D        | Reached XP level 10. HP: 54/76 MP: 22/22
   553 | D        | Killed Peattisy the pandemonium lord
   554 | D        | Reached skill level 18 in Invocations
   615 | D        | Entered arena 8.
   615 | D        | Found the +8 Wrath of Trog {antimagic, *Rage Rampage}
   615 | D        | Found the +9 staff of Wucad Mu {*channel}
   615 | D        | Noticed a wolf spider
   616 | D        | Found a transporter.
   619 | D        | Reached skill level 10 in Shields
   622 | D        | Killed a wolf spider
   622 | D        | Gained mutation: Potions are less effective at restoring
                  | your health. [a neqoxec]
   623 | D        | Reached skill level 10 in Armour
   647 | D        | Entered arena 9.
   647 | D        | Reached **** piety under Hepliaklqana
   648 | D        | Found a transporter.
   654 | D        | Reached skill level 10 in Axes
   654 | D        | Reached skill level 19 in Invocations
   663 | D        | Got the Atlas of the Bouncing Queens
   668 | D        | Entered arena 10.
   669 | D        | Found a transporter.
   679 | D        | Gained mutation: Your touch may inflict minor irresistible
                  | damage on your foes. [demonic ancestry]
   679 | D        | Reached XP level 11. HP: 59/83 MP: 24/24
   689 | D        | Got Vehil's Opusculum on the Cemetery and the Gang
   805 | D        | Entered arena 11.
   805 | D        | Noticed a wolf spider
   805 | D        | Noticed a wolf spider
   805 | D        | Noticed a wolf spider
   806 | D        | Found a transporter.
   810 | D        | Killed a wolf spider
   811 | D        | Killed a wolf spider
   812 | D        | Reached skill level 20 in Invocations
   812 | D        | Killed a wolf spider
   929 | D        | Entered arena 12.
   929 | D        | Noticed a purple draconian
   929 | D        | Noticed a yellow draconian
   929 | D        | Noticed a white draconian
   929 | D        | Noticed a red draconian
   929 | D        | Noticed a purple draconian
   929 | D        | Noticed a black draconian
   929 | D        | Reached ***** piety under Hepliaklqana
   930 | D        | Noticed a green draconian
   930 | D        | Noticed a white draconian
   930 | D        | Noticed a purple draconian
   930 | D        | Noticed a black draconian
   931 | D        | Found a transporter.
   935 | D        | Killed from afar by a purple draconian

Illustrated notes

Levels and vault maps discovered:
D:        sprint_v [room_start, room_1, room_2, room_3, room_4, room_5, room_6,
          room_7, room_8, room_9, room_10, room_11, room_12, room_13, room_14,
          room_15, room_16, room_17, room_18, room_19, room_20, room_21,
          room_22, room_23, room_24, room_25, room_26, room_27]

Skill      XL: |  1  2  3  4  5  6  7  8  9 10 11 |
---------------+----------------------------------+-----
Fighting       | 4 5 6 7 9 10 11 12 | 12.0
Axes           | 3 4 5 6 8 9 10 | 10.7
Armour         | 3 4 5 6 7 8 9 10 11 | 11.0
Shields        | 3 4 5 6 7 8 9 10 11 | 11.1
Invocations    | 5 7 8 10 12 13 15 17 19 20 | 20.4

Action                     |  1- 3 |  4- 6 |  7- 9 | 10-12 || total
---------------------------+-------+-------+-------+-------++-------
  Melee: Broad axe         |     1 |     4 |    19 |    30 ||    54
 Invoke: Ancestor Life: He |       |       |     1 |       ||     1
    Use: Potion            |     1 |     2 |     1 |     2 ||     6
   Stab: Distracted        |       |       |       |     1 ||     1
 Armour: Plate armour      |     4 |     3 |    16 |    20 ||    43
  Dodge: Dodged            |       |       |     1 |     2 ||     3
  Block: Kite shield       |     6 |    17 |    36 |    62 ||   121

Table legend: (Time is in decaauts)
 A = Elapsed time spent in this place.
 B = Non-inter-level travel time spent in this place.
 C = Inter-level travel time spent in this place.
 D = Time resting spent in this place.
 E = Time spent auto-exploring this place.
 F = Levels seen in this place.
 G = Mean time per level.
                   A        B        C        D        E       F      G
               +--------+--------+--------+--------+--------+-----+--------+
         Total |    949 |    949 |      0 |    649 |      0 |   1 |  949.0 |
       Dungeon |    949 |    949 |      0 |    649 |      0 |   1 |  949.0 |
               +--------+--------+--------+--------+--------+-----+--------+

Top non-repeatable levels by time:
       D: 949 daAuts
